 Dungeon Crawl Stone Soup version 0.21.1-1-g345015f (webtiles) character file.

7530 zishaf the Cleaver (level 10, -9/145 HPs)
             Began as a Minotaur Berserker on May 16, 2018.
             Was a High Priest of Trog.
             Mangled by a komodo dragon (17 damage)
             ... on level 11 of the Dungeon.
             The game lasted 00:18:20 (10325 turns).

zishaf the Cleaver (Minotaur Berserker)            Turns: 10325, Time: 00:18:21

Health: -9/145     AC: 13    Str: 26    XL:     10   Next: 96%
Magic:  12/12      EV:  9    Int:  8    God:    Trog [*****.]
Gold:   602        SH:  5    Dex: 16    Spells: 9/9 levels left

rFire    + . .     SeeInvis .   R - +3 war axe (curse)
rCold    . . .     Gourm    .   S - +0 buckler
rNeg     + . .     Faith    .   O - +0 plate armour
rPois    .         Spirit   .   (helmet restricted)
rElec    .         Reflect  .   (no cloak)
rCorr    .         Harm     .   r - +0 pair of gloves
MR       +....                  L - +0 pair of boots
Stlth    ..........             A - amulet of magic regeneration
HPRegen  0.34/turn              j - ring of positive energy
MPRegen  0.38/turn              P - ring "Lecus" {*Corrode rF+ Int+4}

@: berserking, corroded, very quick
A: retaliatory headbutt, horns 2, agile 1, magic resistance 1, wild magic 1
a: Berserk, Trog's Hand, Brothers in Arms, Burn Spellbooks, Renounce Religion


You were on level 11 of the Dungeon.
You worshipped Trog.
Trog was extremely pleased with you.
You were not hungry.

You visited 2 branches of the dungeon, and saw 12 of its levels.
You also visited: Ossuary.

You collected 602 gold pieces.

Inventory:

Hand Weapons
 R - a cursed +3 war axe (weapon)
Armour
 f - a +0 chain mail
 r - a +0 pair of gloves (worn)
 L - a +0 pair of boots (worn)
 O - a +0 plate armour (worn)
 S - a +0 buckler (worn)
Jewellery
 i - an uncursed ring of wizardry
 j - a ring of positive energy (left hand)
 t - an uncursed ring of stealth
 A - an amulet of magic regeneration (around neck)
 I - an uncursed ring of magical power
 P - the ring "Lecus" (right hand) {*Corrode rF+ Int+4}
   (You took it off an orc priest on level 9 of the Dungeon)

   [ring of protection from fire]

   It affects your intelligence (+4).
   It protects you from fire.
   It may corrode you when you take damage.
 Q - an uncursed ring of flight
Wands
 w - a wand of iceblast (8)
 C - a wand of acid (6)
 G - a wand of enslavement (9)
 K - a wand of polymorph (19)
Scrolls
 b - 5 scrolls of remove curse
 e - a scroll of vulnerability {unknown}
 k - a scroll of teleportation {unknown}
 n - 4 scrolls of immolation
 o - 2 scrolls of noise
 p - 3 scrolls of blinking {unknown}
 q - a scroll of random uselessness {unknown}
 u - a scroll of magic mapping {unknown}
 y - a scroll of enchant weapon {unknown}
 E - a scroll of torment {unknown}
 F - a scroll of enchant armour {unknown}
 J - a scroll of fear {unknown}
Potions
 d - 3 potions of haste
 g - 3 potions of cancellation
 h - 3 potions of might {unknown}
 l - 5 potions of mutation
 m - 4 potions of curing {unknown}
 s - 3 potions of heal wounds
 v - a potion of invisibility
 x - 4 potions of lignification
 z - 2 potions of magic
 B - 2 potions of brilliance
 D - a potion of agility
 H - 2 potions of degeneration {unknown}
 N - a potion of resistance
Comestibles
 c - 20 rations


   Skills:
 + Level 11.9 Fighting
 - Level 12.0 Axes
 + Level 9.7 Armour
 - Level 2.1 Dodging
 - Level 4.0 Shields
 - Level 4.0 Evocations


You had 9 spell levels left.
You didn't know any spells.

Dungeon Overview and Level Annotations

Branches:
Dungeon (11/15)            Temple (1/1) D:7             Orc (0/2) D:9
   Lair: D:8-11

Altars:
Ashenzari
Cheibriados
Elyvilon
Fedhas
Gozag
Hepliaklqana
Okawaru
Sif Muna
Uskayaw
Zin

Portals:
Trove: D:10 (give 7 potions of agility)


Innate Abilities, Weirdness & Mutations

You reflexively headbutt those who attack you in melee.
You have a pair of horns on your head.
You are agile. (Dex +2)
You are resistant to hostile enchantments. (MR+)
Your spells are a little harder to cast, but a little more powerful.


Message History

The komodo dragon bites you!!
* * * LOW HITPOINT WARNING * * *
You hit the komodo dragon but do no damage.
Your headbutt misses the komodo dragon.
The komodo dragon is lightly wounded.
The komodo dragon bites you but does no damage.
Okay, then.
A red film seems to cover your vision as you go berserk!
You feel yourself moving faster!
You feel mighty!
You feel quite a bit more hungry. You block the komodo dragon's attack.
You slash the komodo dragon!
The komodo dragon is heavily wounded.
The komodo dragon completely misses you.
Your plate armour prevents you from hitting the komodo dragon.
You headbutt the komodo dragon!
The komodo dragon is almost dead.
You hit the komodo dragon. Your headbutt misses the komodo dragon.
The komodo dragon is almost dead.
The komodo dragon bites you!
You die...

.................#
##########.....#.#
#.##....#
#.##.#..#
#.#....>#
#.#...### #.#...#
#.###l# #.##@.#
#.##..# #....
#.#### #.. ###


You could see a komodo dragon.

Vanquished Creatures
  The ghost of CalvinHigdon the Blocker, a novice MiFi of Uskayaw (D:8)
  The ghost of Shittyoctopus the Fighter, a novice DsFi of Wu Jian (D:9)
  Pikel (D:8)
  2 trolls
  4 yaks (D:10)
  3 hungry ghosts
  Eustachio (D:6)
  Menkaure (D:7)
  2 orc warriors
  An ice beast (D:7)
  2 phantoms
  5 ogres
  A centaur (D:6)
  A big kobold (D:10)
  6 bullfrogs
  2 gnoll sergeants
  A wyvern zombie (D:11)
  3 scorpions
  2 wyvern skeletons
  5 killer bees (D:9)
  3 troll zombies (D:9)
  11 wights
  5 howler monkeys
  5 crimson imps
  2 centaur zombies
  2 bullfrog skeletons
  5 hounds
  3 jellies
  An orc priest (D:9)
  5 orc wizards
  5 iguanas
  5 worker ants
  5 ogre zombies (D:9)
  A hound skeleton (D:4)
  2 mummies (Ossuary)
  2 howler monkey zombies
  13 gnolls
  A howler monkey skeleton (D:9)
  7 adders
  2 shadow imps
  An adder zombie (D:8)
  2 adder skeletons
  A worm (D:5)
  3 dart slugs
  4 leopard geckos
  22 orcs
  A giant cockroach (D:4)
  5 hobgoblins
  7 jackals
  15 kobolds
  2 quokkas
  A ball python (D:2)
  7 bats
  6 frilled lizards
  3 gnoll skeletons (Ossuary)
  3 gnoll zombies (Ossuary)
  7 goblins
  6 goblin skeletons (Ossuary)
  3 goblin zombies (Ossuary)
  7 hobgoblin skeletons
  5 hobgoblin zombies
  3 kobold skeletons (Ossuary)
  3 kobold zombies (Ossuary)
  3 orc skeletons
  16 orc zombies
  2 rats
  A rat skeleton (Ossuary)
269 creatures vanquished.

Vanquished Creatures (others)
  2 mummies (Ossuary)
  A gnoll skeleton (Ossuary)
  2 goblin skeletons (Ossuary)
  3 hobgoblin zombies (Ossuary)
  2 kobold skeletons (Ossuary)
  A kobold zombie (Ossuary)
  3 orc skeletons (Ossuary)
  4 orc zombies (Ossuary)
  6 rat zombies (Ossuary)
24 creatures vanquished.

Grand Total: 293 creatures vanquished

Notes
Turn   | Place    | Note
-------+----------+-------------------------------------------
     0 | D:1      | zishaf the Minotaur Berserker began the quest for the Orb.
     0 | D:1      | Reached XP level 1. HP: 19/19 MP: 0/0
    91 | D:1      | Reached skill level 4 in Axes
    91 | D:1      | Reached XP level 2. HP: 24/27 MP: 1/1
   108 | D:1      | Found a snail-covered altar of Cheibriados.
   248 | D:1      | Reached * piety under Trog
   655 | D:2      | Reached XP level 3. HP: 34/34 MP: 2/2
   760 | D:2      | Gained mutation: You are resistant to hostile enchantments. (MR+) [potion of mutation]
   760 | D:2      | Gained mutation: Your spells are a little harder to cast, but a little more powerful. [potion of mutation]
   760 | D:2      | Gained mutation: You are agile. (Dex +2) [potion of mutation]
  1054 | D:2      | Found a hide-covered altar of Uskayaw.
  1487 | D:3      | Reached skill level 5 in Fighting
  1487 | D:3      | Reached skill level 5 in Axes
  1487 | D:3      | Reached XP level 4. HP: 38/42 MP: 3/3
  1762 | D:3      | Reached ** piety under Trog
  1766 | D:3      | Reached XP level 5. HP: 48/48 MP: 4/4
  2300 | D:4      | Reached skill level 6 in Axes
  2355 | D:4      | Reached XP level 6. HP: 57/57 MP: 5/5
  2401 | D:4      | Found a hazy altar of Hepliaklqana.
  2962 | D:5      | Entered Level 5 of the Dungeon
  2972 | D:5      | Reached skill level 7 in Axes
  3317 | D:5      | Reached XP level 7. HP: 65/66 MP: 6/6
  3933 | D:6      | Noticed Eustachio
  3939 | D:6      | Killed Eustachio
  3939 | D:6      | Reached skill level 8 in Axes
  4266 | D:6      | Reached XP level 8. HP: 49/75 MP: 7/7
  4988 | D:7      | Reached skill level 9 in Axes
  5013 | D:7      | Found a staircase to the Ecumenical Temple.
  5022 | D:7      | Noticed Menkaure
  5032 | D:7      | Reached *** piety under Trog
  5034 | D:7      | Killed Menkaure
  5041 | Temple   | Entered the Ecumenical Temple
  5533 | D:7      | Reached skill level 10 in Fighting
  5533 | D:7      | Reached skill level 10 in Axes
  5576 | D:7      | Found an opulent altar of Gozag.
  5605 | D:7      | Found a snail-covered altar of Cheibriados.
  5609 | D:7      | Found a blossoming altar of Fedhas.
  5714 | D:7      | Reached skill level 1 in Evocations
  5714 | D:7      | Reached XP level 9. HP: 82/85 MP: 8/8
  5918 | D:7      | Found a deep blue altar of Sif Muna.
  6374 | D:8      | Reached skill level 5 in Armour
  6441 | D:8      | Found a sand-covered staircase.
  6449 | Ossuary  | Entered an ossuary
  6455 | Ossuary  | Reached **** piety under Trog
  6473 | Ossuary  | Received a gift from Trog
  6800 | D:8      | Found an iron altar of Okawaru.
  6900 | D:8      | Noticed CalvinHigdon's ghost (novice MiFi)
  6920 | D:8      | Killed CalvinHigdon's ghost
  6978 | D:8      | Noticed Pikel
  6999 | D:8      | Killed Pikel
  6999 | D:8      | Reached skill level 11 in Axes
  7184 | D:9      | Reached XP level 10. HP: 95/95 MP: 11/11
  7192 | D:9      | Noticed Shittyoctopus's ghost (novice DsFi)
  7235 | D:9      | Killed Shittyoctopus's ghost
  7705 | D:9      | Got an ivory trident {pierce}
  7728 | D:9      | Identified the cursed +0 trident "Puskudae" {pierce, +Rage rElec Stlth+} (You took it off an orc on level 9 of the Dungeon)
  7837 | D:9      | Found a staircase to the Orcish Mines.
  7863 | D:9      | Reached ***** piety under Trog
  7901 | D:9      | Got a warped jade ring
  7908 | D:9      | Identified the ring "Lecus" {*Corrode rF+ Int+4} (You took it off an orc priest on level 9 of the Dungeon)
  8284 | D:9      | Received a gift from Trog
  8461 | D:10     | Entered Level 10 of the Dungeon
  8757 | D:10     | Reached skill level 1 in Shields
  8997 | D:10     | Found a portal to a secret trove of treasure.
 10318 | D:11     | Reached skill level 12 in Axes
 10325 | D:11     | Mangled by a komodo dragon

Skill      XL: |  1  2  3  4  5  6  7  8  9 10 |
---------------+-------------------------------+-----
Fighting       | 4 5 6 7 8 10 11 | 11.9
Axes           | 4 5 6 7 8 10 11 12 | 12.0
Armour         | 3 7 9 |  9.7
Evocations     | 1 3 4 |  4.0
Shields        | 4 |  4.0
Dodging        | |  2.1

Action                   |  1- 3 |  4- 6 |  7- 9 | 10-12 || total
-------------------------+-------+-------+-------+-------++-------
Melee: Hand axe          |    84 |   102 |   311 |   215 ||   712
       Headbutt          |    10 |    18 |    80 |    81 ||   189
       War axe           |       |       |       |    69 ||    69
Invok: Berserk           |       |     2 |     7 |     5 ||    14
       Burn Spellbooks   |       |       |     1 |       ||     1
  Use: Potion            |     3 |       |       |       ||     3
       Scroll            |       |       |     8 |     4 ||    12
  Eat: Ration            |     1 |       |     3 |     2 ||     6
       Chunk             |       |     5 |    13 |     9 ||    27
Armor: Chain mail        |    51 |    53 |    98 |    43 ||   245
       Animal skin       |     1 |       |       |       ||     1
       Plate armour      |       |       |       |   100 ||   100
Dodge: Dodged            |    31 |    47 |    97 |    94 ||   269
Block: Buckler           |       |       |       |    21 ||    21
